 Dungeon Crawl Stone Soup version 0.22-a0-469-gf26638a (webtiles) character file.

1482 galech the Cudgeler (level 8, 0/130 HPs)
             Began as an Ogre Berserker on June 11, 2018.
             Was an Elder of Trog.
             Slain by an orc
             ... wielding a +0 whip
              (6 damage)
             ... on level 6 of the Dungeon.
             The game lasted 00:08:45 (6461 turns).

galech the Cudgeler (Ogre Berserker)                Turns: 6461, Time: 00:08:45

Health: 0/130      AC:  4    Str: 29    XL:     8   Next: 79%
Magic:  8/8        EV:  8    Int: 10    God:    Trog [****..]
Gold:   247        SH:  7    Dex:  8    Spells: 7/7 levels left

rFire    . . .     SeeInvis .   b - +1 mace (protect)
rCold    . . .     Gourm    .   s - +0 shield "Ofarug" {Int+2}
rNeg     . . .     Faith    .   l - +1 animal skin
rPois    .         Spirit   .   (helmet restricted)
rElec    .         Reflect  .   g - +0 cloak (curse)
rCorr    .         Harm     .   (gloves unavailable)
MR       ++...                  (boots unavailable)
Stlth    ..........             (no amulet)
HPRegen  1.31/turn              (no ring)
MPRegen  0.11/turn              (no ring)

@: berserking (expiring), corroded, protection aura, regenerating, very quick
A: large, unfitting armour, tough skin 1
a: Berserk, Trog's Hand, Brothers in Arms, Renounce Religion


You were on level 6 of the Dungeon.
You worshipped Trog.
Trog was greatly pleased with you.
You were near starving.

You visited 1 branch of the dungeon, and saw 6 of its levels.

You collected 247 gold pieces.

Inventory:

Hand Weapons
 b - a +1 mace of protection (weapon)
Armour
 g - a cursed +0 cloak (worn)
 l - a +1 animal skin (worn)
 s - the +0 shield "Ofarug" (worn) {Int+2}
   (You found it on level 6 of the Dungeon)

   It affects your intelligence (+2).
Jewellery
 q - an uncursed ring of fire {unknown}
Wands
 u - a wand of iceblast (10)
Scrolls
 a - 3 scrolls of fog {unknown}
 d - 6 scrolls of teleportation {unknown}
 e - 4 scrolls of remove curse {unknown}
 f - a scroll of amnesia {unknown}
 h - 8 scrolls of identify {unknown}
 j - a scroll of summoning {unknown}
 o - a scroll of enchant armour {unknown}
 t - a scroll of blinking {unknown}
Potions
 i - 6 potions of curing {unknown}
 k - a potion of flight {unknown}
 m - a potion of degeneration {unknown}
 n - a potion of lignification {unknown}
 p - a potion of heal wounds {unknown}
 r - a potion of resistance {unknown}
Comestibles
 c - 13 rations


   Skills:
 + Level 7.1 Fighting
 + Level 7.6 Maces & Flails
 + Level 5.2 Dodging
 + Level 1.8 Stealth


You had 7 spell levels left.
You didn't know any spells.
Your spell library was empty.

Dungeon Overview and Level Annotations

Branches:
Dungeon (6/15)
 Temple: D:4-7

Altars:
Dithmenos
Okawaru


Innate Abilities, Weirdness & Mutations

You are too large for most types of armour.
You have tough skin. (AC +1)


Message History

You barely miss the orc warrior.
The orc warrior is moderately wounded.
The orc warrior zaps a wand.
The bolt of acid hits you!
* * * LOW HITPOINT WARNING * * *
The acid corrodes you!
You are splashed with acid!
The acid burns!
* * * LOW HITPOINT WARNING * * *
The now-empty wand crumbles to dust.
You block the orc's attack.
You hit the orc warrior but do no damage.
The orc warrior is moderately wounded.
The orc warrior closely misses you. The orc misses you.
Your shield prevents you from hitting the orc warrior.
The orc warrior is moderately wounded.
You block the orc's attack.
You hit the orc warrior.
The orc warrior is moderately wounded.
You block the orc warrior's attack.
You hit the orc warrior.
The orc warrior is severely wounded.
The orc hits you with a whip.
You die...

. .. ..# ..# #######.#
#######..# ........#
#.......##
...##########...@o...#
................o..#..#
...###.....#####+###
...# #.....# ...#
#.))..# #### #)....#
######.....#
#..........#
#..........#


You could see an orc warrior and an orc.

Vanquished Creatures
  The ghost of Veiltonx the Chopper, an amateur MiFi (D:3)
  2 phantoms
  An ogre (D:5)
  A big kobold (D:5)
  2 bullfrogs
  A howler monkey (D:4)
  2 crimson imps (D:5)
  A centaur skeleton (D:4)
  2 hounds
  6 orc priests
  3 orc wizards
  2 bullfrog skeletons (D:4)
  A worker ant (D:4)
  A hound zombie (D:6)
  A worker ant zombie (D:6)
  Robin (D:3)
  11 adders
  7 gnolls
  A shadow imp (D:5)
  2 adder skeletons (D:4)
  2 worms
  3 dart slugs
  5 leopard geckos
  13 orcs
  2 ball pythons (D:2)
  7 giant cockroaches
  16 hobgoblins
  4 jackals (D:1)
  3 quokkas
  7 bats
  7 frilled lizards
  11 goblins
  14 kobolds
  A quokka skeleton (D:4)
  7 rats
151 creatures vanquished.

Notes
Turn   | Place    | Note
-------+----------+-------------------------------------------
     0 | D:1      | galech the Ogre Berserker began the quest for the Orb.
     0 | D:1      | Reached XP level 1. HP: 24/24 MP: 1/1
   232 | D:1      | Reached XP level 2. HP: 27/32 MP: 2/2
   906 | D:2      | Reached XP level 3. HP: 37/40 MP: 3/3
   964 | D:2      | HP: 2/40 [poisoned by an adder]
  1412 | D:2      | Reached ** piety under Trog
  1531 | D:2      | Reached XP level 4. HP: 39/49 MP: 4/4
  2960 | D:3      | Noticed a bullfrog
  2970 | D:3      | Killed a bullfrog
  2970 | D:3      | Reached skill level 5 in Fighting
  2970 | D:3      | Reached XP level 5. HP: 36/57 MP: 5/5
  3537 | D:3      | Noticed Robin
  3547 | D:3      | Killed Robin
  3547 | D:3      | Reached XP level 6. HP: 66/66 MP: 6/6
  3559 | D:3      | Reached *** piety under Trog
  3955 | D:3      | Noticed Veiltonx's ghost (amateur MiFi)
  3979 | D:3      | Killed Veiltonx's ghost
  3979 | D:3      | Reached skill level 5 in Maces & Flails
  3979 | D:3      | Reached XP level 7. HP: 19/74 MP: 7/7
  4581 | D:4      | Found a shadowy altar of Dithmenos.
  4650 | D:4      | Reached skill level 1 in Stealth
  4948 | D:4      | Reached XP level 8. HP: 76/84 MP: 8/8
  5231 | D:4      | Found an iron altar of Okawaru.
  5497 | D:5      | Entered Level 5 of the Dungeon
  5788 | D:5      | Reached skill level 5 in Dodging
  5999 | D:5      | Reached **** piety under Trog
  6329 | D:6      | Got a twisted shield
  6335 | D:6      | Identified the +0 shield "Ofarug" {Int+2} (You found it on level 6 of the Dungeon)
  6457 | D:6      | HP: 2/130 [acid (9)]
  6461 | D:6      | Slain by an orc

Vault maps used:
D:1:      roderic_lyre
D:2:      solitary_fountain, minmay_bisected
D:3:      uniq_robin
D:4:      marbit_many_paths, grunt_dithmenos_shadows, first_ration
D:5:      cheibrodos_thug_alley
D:6:      minmay_temple_entry_mist, nemelex_diamond_rough_becter

Skill      XL: |  1  2  3  4  5  6  7  8 |
---------------+-------------------------+-----
Maces & Flails | 3 4 5 6 7 |  7.6
Dodging        | 3 4 5 |  5.2
Fighting       | 5 6 7 |  7.1
Stealth        | 1 |  1.8

Action                   |  1- 3 |  4- 6 |  7- 9 || total
-------------------------+-------+-------+-------++-------
Melee: Mace              |   111 |   166 |   287 ||   564
Invok: Berserk           |     1 |     3 |     3 ||     7
       Trog's Hand       |       |     2 |     3 ||     5
 Stab: Sleeping          |     1 |       |     2 ||     3
  Eat: Chunk             |     3 |    10 |    12 ||    25
Armor: Animal skin       |    34 |    46 |   103 ||   183
Dodge: Dodged            |    61 |    99 |   169 ||   329
Block: Shield            |       |       |    13 ||    13

Table legend:
 A = Spawn XP
 B = Non-spawn XP
 C = Spawn XP percentage of total XP
 D = Spawn monster count
 E = Non-spawn monster count
 F = Spawn count percentage of total count
 G = Total turns spent on level
                    A         B        C        D         E        F      G
               +---------+---------+-------+---------+---------+-------+---------
         Total |       0 |    2118 |   0.0 |       0 |     151 |   0.0 |  6461
               +---------+---------+-------+---------+---------+-------+---------
           D:1 |       0 |      31 |   0.0 |       0 |      19 |   0.0 |   891
           D:2 |       0 |     109 |   0.0 |       0 |      31 |   0.0 |  1760
           D:3 |       0 |     603 |   0.0 |       0 |      42 |   0.0 |  1736
           D:4 |       0 |     654 |   0.0 |       0 |      30 |   0.0 |  1110
           D:5 |       0 |     566 |   0.0 |       0 |      23 |   0.0 |   692
           D:6 |       0 |     155 |   0.0 |       0 |       6 |   0.0 |   272
               +---------+---------+-------+---------+---------+-------+---------
